APL (24 & UNDER)
MONTGOMERY GREY SOX @ NANTUCKET ORCAS
09/20/2027
 
TOP OF THE 1ST
Montgomery Grey Sox batting - Pitching for Nantucket Orcas : RHP Pedro Santiago
Pitching: RHP Pedro Santiago
Batting: RHB Frederick Curtis 0-0: SINGLE (Groundball, 6MD)
Batting: SHB Kenneth Cruz 0-0: Ball
Passed Ball!
Frederick Curtis to second
1-0: Foul Ball, location: 2F
1-1: Ball
2-1: Foul Ball, location: 2F
2-2: Ball
3-2: Strikes out looking
Batting: SHB Joe Pierce 0-0: Swinging Strike
0-1: Ball
1-1: SINGLE (Groundball, 4MD)
Frederick Curtis to third
Runner from 3rd tries for Home, SAFE, no throw
Batting: RHB Reinaldo Amarante 0-0: Called Strike
0-1: Foul Ball, location: 2F
0-2: DOUBLE (Line Drive, 89M)
Joe Pierce to third
Joe Pierce scores
Batting: SHB Hoyt Norris 0-0: Called Strike
0-1: Ground out 6-3 (Groundball, 6)
Batting: RHB António Nevárez 0-0: Called Strike
0-1: Ball
1-1: SINGLE (Flyball, 9LM)
Reinaldo Amarante to third
Runner from 3rd tries for Home, SAFE, throw made home
António Nevárez to second
Batting: RHB Lawrence Davidson 0-0: Ground out 3-1 (Groundball, 34S)
Top of the 1st over - 3 run(s), 4 hit(s), 0 error(s), 1 left on base; Montgomery 3 - Nantucket 0
BOTTOM OF THE 1ST
Nantucket Orcas batting - Pitching for Montgomery Grey Sox : RHP Jorge Villalobos
Pitching: RHP Jorge Villalobos
Batting: RHB Ramiro Javier 0-0: Ball
1-0: Ball
2-0: Ball
3-0: Base on Balls
Batting: RHB Anastasio Zartuche 0-0: Ball
Ramiro Javier is caught stealing 2nd base
1-0: Foul Ball, location: 2F
1-1: Foul Ball, location: 2F
1-2: Ball
2-2: Foul Ball, location: 2F
2-2: Ball
3-2: Fly out, F7 (Flyball, 7)
Batting: LHB Noah Gillespie 0-0: Swinging Strike
0-1: Swinging Strike
0-2: Ball
1-2: Strikes out swinging
Bottom of the 1st over - 0 run(s), 0 hit(s), 0 error(s), 0 left on base; Montgomery 3 - Nantucket 0
TOP OF THE 2ND
Montgomery Grey Sox batting - Pitching for Nantucket Orcas : RHP Pedro Santiago
Batting: SHB Pancho Ruíz 0-0: Ground out 4-3 (Groundball, 34D)
Batting: RHB Luis Pineda 0-0: Fly out, F9 (Flyball, 89M)
Batting: RHB Frederick Curtis 0-0: Ball
1-0: Called Strike
1-1: Swinging Strike
1-2: Fly out, F7 (Line Drive, 7LM)
Top of the 2nd over - 0 run(s), 0 hit(s), 0 error(s), 0 left on base; Montgomery 3 - Nantucket 0
BOTTOM OF THE 2ND
Nantucket Orcas batting - Pitching for Montgomery Grey Sox : RHP Jorge Villalobos
Batting: RHB Pepe Franco 0-0: Ground out 5-3 (Groundball, 56S)
Batting: SHB Dan Dunn 0-0: Ball
1-0: Foul Ball, location: 2F
1-1: Fly out, F9 (Flyball, 9)
Batting: RHB Roberto Canó 0-0: Ball
1-0: Swinging Strike
1-1: Bunted foul
1-2: Strikes out swinging
Bottom of the 2nd over - 0 run(s), 0 hit(s), 0 error(s), 0 left on base; Montgomery 3 - Nantucket 0
TOP OF THE 3RD
Montgomery Grey Sox batting - Pitching for Nantucket Orcas : RHP Pedro Santiago
Batting: SHB Kenneth Cruz 0-0: Swinging Strike
0-1: Swinging Strike
0-2: Strikes out swinging
Batting: SHB Joe Pierce 0-0: Swinging Strike
0-1: Foul Ball, location: 2F
0-2: Strikes out swinging
Batting: RHB Reinaldo Amarante 0-0: Called Strike
0-1: Swinging Strike
0-2: Ball
1-2: Strikes out swinging
Top of the 3rd over - 0 run(s), 0 hit(s), 0 error(s), 0 left on base; Montgomery 3 - Nantucket 0
BOTTOM OF THE 3RD
Nantucket Orcas batting - Pitching for Montgomery Grey Sox : RHP Jorge Villalobos
Batting: RHB Wilson Metherall 0-0: Called Strike
0-1: Foul Ball, location: 2F
0-2: Ball
1-2: Strikes out swinging
Batting: LHB Mauro Díaz 0-0: Ball
1-0: Called Strike
1-1: Swinging Strike
1-2: Ball
2-2: Ball
3-2: Strikes out swinging
Batting: LHB Juan Lima 0-0: Called Strike
0-1: Ball
1-1: Ball
2-1: SINGLE (Groundball, 4MD)
Batting: RHB Ramiro Javier 0-0: Ball
Juan Lima steals 2nd base
1-0: Foul Ball, location: 2F
1-1: Ball
2-1: Ball
3-1: Base on Balls
Batting: RHB Anastasio Zartuche 0-0: Called Strike
0-1: Swinging Strike
0-2: Ball
1-2: Foul Ball, location: 2F
1-2: Ball
2-2: Foul Ball, location: 2F
2-2: Foul Ball, location: 2F
2-2: Ball
3-2: Strikes out swinging
Bottom of the 3rd over - 0 run(s), 1 hit(s), 0 error(s), 2 left on base; Montgomery 3 - Nantucket 0
TOP OF THE 4TH
Montgomery Grey Sox batting - Pitching for Nantucket Orcas : RHP Pedro Santiago
Batting: SHB Hoyt Norris 0-0: Foul Ball, location: 2F
0-1: SINGLE (Line Drive, 8LS)
Batting: RHB António Nevárez 0-0: Swinging Strike
0-1: Grounds into double play, 3-6-3 (Groundball, 3)
Batting: RHB Lawrence Davidson 0-0: Foul Ball, location: 2F
0-1: Swinging Strike
0-2: Strikes out swinging
Top of the 4th over - 0 run(s), 1 hit(s), 0 error(s), 0 left on base; Montgomery 3 - Nantucket 0
BOTTOM OF THE 4TH
Nantucket Orcas batting - Pitching for Montgomery Grey Sox : RHP Jorge Villalobos
Batting: LHB Noah Gillespie 0-0: Called Strike
0-1: Foul Ball, location: 2F
0-2: Ball
1-2: Ball
2-2: Foul Ball, location: 2F
2-2: Strikes out swinging
Batting: RHB Pepe Franco 0-0: Foul Ball, location: 2F
0-1: Fly out, F9 (Flyball, 9LS)
Batting: SHB Dan Dunn 0-0: Ball
1-0: Ball
2-0: Ball
3-0: Base on Balls
Batting: RHB Roberto Canó 0-0: Called Strike
0-1: Foul Ball, location: 2F
0-2: Foul Ball, location: 2F
0-2: Ball
1-2: Ball
Dan Dunn is caught stealing 2nd base
Bottom of the 4th over - 0 run(s), 0 hit(s), 0 error(s), 0 left on base; Montgomery 3 - Nantucket 0
TOP OF THE 5TH
Montgomery Grey Sox batting - Pitching for Nantucket Orcas : RHP Pedro Santiago
Batting: SHB Pancho Ruíz 0-0: Called Strike
0-1: Foul Ball, location: 2F
0-2: Strikes out swinging
Batting: RHB Luis Pineda 0-0: Ground out 6-3 (Groundball, 6S)
Batting: RHB Frederick Curtis 0-0: Called Strike
0-1: Ball
1-1: Foul Ball, location: 2F
1-2: Ball
2-2: Foul Ball, location: 2F
2-2: Foul Ball, location: 2F
2-2: Ball
3-2: SINGLE (Flyball, 9S)
Batting: SHB Kenneth Cruz 0-0: Ball
1-0: Called Strike
1-1: Ball
2-1: Foul Ball, location: 2F
2-2: Foul Ball, location: 2F
2-2: Foul Ball, location: 2F
2-2: Strikes out swinging
Top of the 5th over - 0 run(s), 1 hit(s), 0 error(s), 1 left on base; Montgomery 3 - Nantucket 0
BOTTOM OF THE 5TH
Nantucket Orcas batting - Pitching for Montgomery Grey Sox : RHP Jorge Villalobos
Batting: RHB Roberto Canó 0-0: Swinging Strike
0-1: Ball
1-1: Ball
2-1: Swinging Strike
2-2: Ball
3-2: Strikes out swinging
Batting: RHB Wilson Metherall 0-0: Ball
1-0: Ball
2-0: Ball
3-0: Base on Balls
Batting: LHB Mauro Díaz 0-0: Ball
Wilson Metherall is caught stealing 2nd base
1-0: Ground out 5-3 (Groundball, 56S)
Bottom of the 5th over - 0 run(s), 0 hit(s), 0 error(s), 0 left on base; Montgomery 3 - Nantucket 0
TOP OF THE 6TH
Montgomery Grey Sox batting - Pitching for Nantucket Orcas : RHP Pedro Santiago
Batting: SHB Joe Pierce 0-0: Fly out, F8 (Line Drive, 8LS)
Batting: RHB Reinaldo Amarante 0-0: Foul Ball, location: 2F
0-1: Ball
1-1: Ball
2-1: Foul Ball, location: 2F
2-2: SINGLE (Line Drive, 34)
Batting: SHB Hoyt Norris 0-0: Called Strike
0-1: Ball
1-1: Ball
2-1: Foul Ball, location: 2F
2-2: Ball
3-2: Fielders Choice at 2nd, 4-6 (Groundball, 4)
Batting: RHB António Nevárez 0-0: Ball
1-0: Ball
2-0: Called Strike
2-1: Fielders Choice at 2nd, 6-4 (Groundball, 6)
Top of the 6th over - 0 run(s), 1 hit(s), 0 error(s), 0 left on base; Montgomery 3 - Nantucket 0
BOTTOM OF THE 6TH
Nantucket Orcas batting - Pitching for Montgomery Grey Sox : RHP Jorge Villalobos
Batting: LHB Juan Lima 0-0: Ball
1-0: Called Strike
1-1: Ball
2-1: DOUBLE (Groundball, 5L)
Batting: RHB Ramiro Javier 0-0: Ball
1-0: Called Strike
1-1: Fly out, F9 (Flyball, 9S)
Pitching: RHP Brian Barker
Batting: RHB Anastasio Zartuche 0-0: Ball
1-0: Fly out, F7 (Line Drive, 7)
Batting: LHB Noah Gillespie 0-0: Foul Ball, location: 2F
0-1: Ball
1-1: Swinging Strike
1-2: Ball
2-2: Ball
Wild Pitch!
Juan Lima to third
3-2: Strikes out looking
Bottom of the 6th over - 0 run(s), 1 hit(s), 0 error(s), 1 left on base; Montgomery 3 - Nantucket 0
TOP OF THE 7TH
Montgomery Grey Sox batting - Pitching for Nantucket Orcas : RHP Pedro Santiago
Batting: RHB Lawrence Davidson 0-0: Ball
1-0: Ball
2-0: Fly out, F8 (Flyball, 89M)
Batting: SHB Pancho Ruíz 0-0: Ground out 5-3 (Groundball, 56)
Batting: RHB Luis Pineda 0-0: Ball
1-0: Ball
2-0: Ball
3-0: Base on Balls
Pitching: RHP José Cuellar
Batting: RHB Frederick Curtis 0-0: Ball
1-0: Called Strike
1-1: Ball
2-1: SINGLE (Groundball, 23) (infield hit)
Luis Pineda to second
Batting: SHB Kenneth Cruz 0-0: Foul Ball, location: 2F
0-1: Foul Ball, location: 2F
0-2: Ball
1-2: Foul Ball, location: 2F
1-2: Strikes out looking
Top of the 7th over - 0 run(s), 1 hit(s), 0 error(s), 2 left on base; Montgomery 3 - Nantucket 0
BOTTOM OF THE 7TH
Nantucket Orcas batting - Pitching for Montgomery Grey Sox : RHP Brian Barker
Batting: RHB Pepe Franco 0-0: Called Strike
0-1: Ball
1-1: Swinging Strike
1-2: Ball
2-2: Ground out 4-3 (Groundball, 4)
Batting: SHB Dan Dunn 0-0: Called Strike
0-1: Ball
1-1: Ground out 4-3 (Groundball, 4)
Batting: RHB Roberto Canó 0-0: Ball
1-0: Ball
2-0: Called Strike
2-1: Swinging Strike
2-2: Foul Ball, location: 2F
2-2: Ball
3-2: Foul Ball, location: 2F
3-2: Base on Balls
Batting: RHB Wilson Metherall 0-0: Ball
1-0: Foul Ball, location: 2F
1-1: Ground out 6-3 (Groundball, 6D)
Bottom of the 7th over - 0 run(s), 0 hit(s), 0 error(s), 1 left on base; Montgomery 3 - Nantucket 0
TOP OF THE 8TH
Montgomery Grey Sox batting - Pitching for Nantucket Orcas : RHP José Cuellar
Batting: SHB Joe Pierce 0-0: Ball
1-0: Fly out, F8 (Flyball, 89D)
Batting: RHB Reinaldo Amarante 0-0: Ball
1-0: Ball
2-0: Fly out, F9 (Flyball, 9S)
Batting: SHB Hoyt Norris 0-0: Ball
1-0: Called Strike
1-1: Foul Ball, location: 2F
1-2: Ball
2-2: Ground out 4-3 (Groundball, 4S)
Top of the 8th over - 0 run(s), 0 hit(s), 0 error(s), 0 left on base; Montgomery 3 - Nantucket 0
BOTTOM OF THE 8TH
Nantucket Orcas batting - Pitching for Montgomery Grey Sox : RHP Brian Barker
Pitching: LHP Juan Reyes
Batting: LHB Mauro Díaz 0-0: Ball
1-0: Fly out, F7 (Flyball, 7)
Pitching: RHP Johannes Hunsberger
Batting: LHB Juan Lima 0-0: Ball
1-0: Called Strike
1-1: SINGLE (Flyball, 8RS)
Batting: RHB Ramiro Javier 0-0: Ball
1-0: Foul Ball, location: 2F
1-1: Ball
2-1: Foul Ball, location: 2F
2-2: Foul Ball, location: 2F
2-2: Strikes out swinging
Batting: RHB Anastasio Zartuche 0-0: Ball
1-0: Foul Ball, location: 2F
1-1: Reached on error, E6 (Groundball, 6)
Juan Lima to second
Pitching: LHP Anthony Tamburrino
Batting: LHB Noah Gillespie 0-0: Ball
1-0: Ball
2-0: Ball
3-0: Called Strike
3-1: Foul Ball, location: 2F
3-2: Foul Ball, location: 2F
3-2: Fly out, F7 (Flyball, 78S)
Bottom of the 8th over - 0 run(s), 1 hit(s), 1 error(s), 2 left on base; Montgomery 3 - Nantucket 0
TOP OF THE 9TH
Montgomery Grey Sox batting - Pitching for Nantucket Orcas : RHP José Cuellar
Batting: RHB António Nevárez 0-0: Swinging Strike
0-1: Ball
1-1: Swinging Strike
1-2: Foul Ball, location: 2F
1-2: Strikes out looking
Batting: RHB Lawrence Davidson 0-0: Ball
1-0: Called Strike
1-1: Foul Ball, location: 2F
1-2: Foul Ball, location: 2F
1-2: Strikes out swinging, 2-3 out at first.
Batting: SHB Pancho Ruíz 0-0: Ball
1-0: Foul Ball, location: 2F
1-1: Ball
2-1: Ball
3-1: Called Strike
3-2: Base on Balls
Batting: RHB Luis Pineda 0-0: Ball
1-0: Called Strike
Passed Ball!
Pancho Ruíz to second
1-1: Foul Ball, location: 2F
1-2: Strikes out swinging
Top of the 9th over - 0 run(s), 0 hit(s), 0 error(s), 1 left on base; Montgomery 3 - Nantucket 0
BOTTOM OF THE 9TH
Nantucket Orcas batting - Pitching for Montgomery Grey Sox : LHP Anthony Tamburrino
Pitching: RHP Ron Simmons
Batting: RHB Pepe Franco 0-0: Called Strike
0-1: Ball
1-1: Foul Ball, location: 2F
1-2: Fly out, F8 (Line Drive, 78S)
Batting: SHB Dan Dunn 0-0: Called Strike
0-1: Ball
1-1: Called Strike
1-2: Strikes out swinging
Batting: RHB Roberto Canó 0-0: Called Strike
0-1: Ball
1-1: Foul Ball, location: 2F
1-2: Ball
2-2: Foul Ball, location: 2F
2-2: Foul Ball, location: 2F
2-2: Foul Ball, location: 2F
2-2: SINGLE (Line Drive, 78S)
Batting: RHB Wilson Metherall 0-0: Ball
1-0: Ball
2-0: Ball
3-0: Called Strike
3-1: Fielders Choice at 2nd, 5-4 (Groundball, 56)
Bottom of the 9th over - 0 run(s), 1 hit(s), 0 error(s), 0 left on base; Montgomery 3 - Nantucket 0
Thursday, March 30th, 2017 - OOTP Baseball 17.12 Build 75